 Dungeon Crawl Stone Soup version 0.32-a0-814-g0968bab981 (webtiles) character file.

Game seed: 16411376775883959115

590 zenocrate the Sneak (level 7, -4/49 HPs)
             Began as an Octopode Earth Elementalist on Mar 22, 2024.
             Slain by a water moccasin (6 damage)
             ... on level 4 of the Dungeon.
             The game lasted 00:04:43 (3784 turns).

zenocrate the Sneak (Octopode Earth Elementalist)   Turns: 3784, Time: 00:04:43

Health: -4/49      AC:  1    Str:  9    XL:     7   Next: 39%
Magic:  10/10      EV: 13    Int: 18    God:
Gold:   137        SH:  0    Dex: 12    Spells: 3/10 levels left

rFire   . .          .
                       - Unarmed
rCold   . . .        (no shield)
rNeg    . . .        (helmet restricted)
rPois   .            (no amulet)
rElec   .            (no ring)
rCorr   .            (no ring)
SInv    .            (no ring)
Will    .....        (no ring)
Stlth   ++++         (no ring)
HPRegen 0.28/turn    (no ring)
MPRegen 0.12/turn    (no ring)
                     (no ring)

%: no passive effects
@: lethally poisoned (-4 -> -14)
A: almost no armour, amphibious, 8 rings, camouflage 1, gelatinous body 1,
(nimble swimmer 1), tentacles
a: no special abilities


You were on level 4 of the Dungeon.
You visited 1 branch of the dungeon, and saw 4 of its levels.

You collected 137 gold pieces.

Inventory:

Hand Weapons
 a - a +1 dagger of flaming
 f - a +2 quick blade of electrocution
Missiles
 p - a throwing net
Jewellery
 k - a ring of ice
Wands
 m - a wand of polymorph (17)
 q - a wand of digging (8)
Scrolls
 b - a scroll of acquirement
 d - a scroll of immolation {unknown}
 g - a scroll of revelation {unknown}
 h - a scroll of noise {unknown}
 l - a scroll of brand weapon {unknown}
 n - a scroll of fog {unknown}
Potions
 c - a potion of resistance
 e - a potion of magic
 j - 2 potions of cancellation
 o - a potion of degeneration {unknown}


   Skills:
 * Level 4.5 Fighting
 + Level 3.9 Dodging
 + Level 5.6 Stealth
 + Level 3.2 Unarmed Combat
 - Level 2.0 Spellcasting
 - Level 1.0 Conjurations
 - Level 3.0 Earth Magic


You had 3 spell levels left.
You knew the following spells:

 Your Spells              Type           Power      Damage    Failure   Level
a - Stone Arrow           Conj/Erth      18%        3d8       24%         3
b - Sandblast             Erth           24%        2d8       5%          1
z - Passwall              Erth           12%        N/A       16%         3

Your spell library contained the following spells:

 Spells                   Type           Power      Damage    Failure   Level
 Hailstorm                Conj/Ice       3%         3d5       41%         3
 Summon Ice Beast         Ice/Summ       1%         N/A       47%         3
 Brom's Barrelling Bould  Conj/Erth      9%         2d3       61%         4
 Petrify                  Alch/Erth      7%         N/A       67%         4
 Permafrost Eruption      Ice/Erth       3%         2x4d2     100%        6
 Sculpt Simulacrum        Ice/Alch       0%         N/A       100%        6


Dungeon Overview and Level Annotations

Branches:
Dungeon (4/15)
 Temple: D:4-7

Altars:

Annotations:
D:4 Grinder, Pikel


Innate Abilities, Weirdness & Mutations

You cannot wear most types of armour.
You are amphibious.
You can wear up to eight rings at the same time.
Your skin changes colour to match your surroundings (Stealth+).
Your rubbery body absorbs attacks. (AC +1, EV +1)
((You are camouflaged when in or above water. (Stealth+)))
You have tentacles for arms and can constrict up to eight enemies at once.


Message History

You tentacle-slap the dart slug. You grab the dart slug.
The dart slug is severely wounded.
You constrict the dart slug.
You kill the dart slug!
You see here a dart slug corpse.
No target in view!
A water moccasin comes into view.
There are monsters nearby!
You strike the helpless water moccasin from behind!
You tentacle-slap the water moccasin but do no damage.
Pikel shouts!
You grab the water moccasin. You constrict the water moccasin.
You hear a shout!
The water moccasin bites you!
You barely miss the water moccasin.
The water moccasin is lightly wounded.
You constrict the water moccasin. The water moccasin bites you!
The water moccasin completely misses you.
Unknown command.
You tentacle-slap the water moccasin but do no damage.
The water moccasin is moderately wounded.
You constrict the water moccasin. The water moccasin bites you!
Unknown command.
You barely miss the water moccasin.
The water moccasin is moderately wounded.
You constrict the water moccasin. The water moccasin bites you!
Unknown command.
This is a scroll of acquirement!
Something appears before you!
You constrict the water moccasin. The water moccasin bites you!
* * * LOW HITPOINT WARNING * * *
You are lethally poisoned!
The water moccasin poisons you! The water moccasin bites you.
* * * LOW HITPOINT WARNING * * *
f - a +2 quick blade of electrocution You constrict the water moccasin!
* * * LOW HITPOINT WARNING * * *
You feel very sick. The water moccasin bites you.
You die...

###.#.##.....# #......##...#
#.#.##.#...## #......##....
#.#....#....##### ###.......†..
#....###.##.....#########...##.
#....# #.........##.....#...##.
###....#
#####..........[........
.......# ###.#.##.....#......
####...# #.#.##.....###....
#...# ###@#.######## #....
##### ##..#SK.## ######....
#..#...#..# #.........
#....#....# #....#####
#..#...#..###....#
#.#..#........###
#.###.#..#.#..#
#.###.#.<#.#..#######
#......#.#.#........#


You could see Pikel and a water moccasin.

Vanquished Creatures
  Sigmund (D:2)
  A centaur (D:4)
  4 lemures (D:4)
  A scorpion (D:4)
  Ijyb (D:4)
  Jessica (D:3)
  An iguana (D:4)
  An orc wizard (D:4)
  7 gnolls (D:3)
  2 adders (D:2)
  4 dart slugs
  A ribbon worm (D:3)
  3 orcs (D:4)
  6 ball pythons
  4 bats
  8 endoplasms
  3 giant cockroaches
  6 hobgoblins
  4 jackals (D:1)
  3 quokkas
  4 frilled lizards
  7 goblins
  7 kobolds
  8 rats
88 creatures vanquished.

Notes
Turn   | Place    | Note
-------+----------+-------------------------------------------
     0 | D:1      | zenocrate the Octopode Earth Elementalist began the quest
                  | for the Orb.
     0 | D:1      | Reached XP level 1. HP: 11/11 MP: 3/3
   131 | D:1      | Reached skill level 3 in Stealth
   131 | D:1      | Reached XP level 2. HP: 14/18 MP: 1/5
   383 | D:1      | Reached skill level 1 in Unarmed Combat
   432 | D:1      | Reached skill level 1 in Fighting
   441 | D:1      | Reached XP level 3. HP: 23/23 MP: 1/6
  1096 | D:2      | Reached XP level 4. HP: 21/29 MP: 7/7
  1223 | D:2      | Noticed Sigmund
  1313 | D:2      | Killed Sigmund
  1314 | D:2      | Reached skill level 4 in Stealth
  1314 | D:2      | Reached XP level 5. HP: 10/36 MP: 4/8
  1314 | D:2      | Reached XP level 6. HP: 11/42 MP: 4/9
  1477 | D:2      | Learned a level 3 spell: Stone Arrow
  1481 | D:2      | Learned a level 3 spell: Passwall
  1864 | D:2      | Found a runed translucent door.
  1865 | D:2      | Noticed Crazy Yiuf
  1870 | D:2      | Crazy Yiuf changed into Crazy Yiuf the endoplasm
  1870 | D:2      | Noticed Crazy Yiuf
  1872 | D:2      | Killed Crazy Yiuf the endoplasm
  2232 | D:3      | Noticed Jessica
  2246 | D:3      | Killed Jessica
  2331 | D:3      | Reached skill level 5 in Stealth
  3059 | D:4      | Reached XP level 7. HP: 47/48 MP: 7/10
  3086 | D:4      | Noticed Pikel
  3448 | D:4      | Noticed Ijyb
  3467 | D:4      | Killed Ijyb
  3735 | D:4      | Noticed Grinder
  3783 | D:4      | Identified 2 scrolls of acquirement
  3783 | D:4      | Acquired a +2 quick blade of electrocution
  3784 | D:4      | HP: 2/49 [poisoned by a water moccasin]
  3784 | D:4      | Slain by a water moccasin

Illustrated notes

Levels and vault maps discovered:
D:1:      minmay_arrival_glassed_features, layout_loops_ring, minivault_11
D:2:      layout_loops_ring, hangedman_decor_clover_reticule,
          minmay_misc_feat_five, kennysheep_generic_room_12,
          uniq_crazy_yiuf_cottage, uniq_sigmund
D:3:      layout_basic, uniq_jessica
D:4:      minmay_spotlight, layout_basic, marbit_many_paths, temple_pool_b,
          hex_tiny, uniq_grinder, uniq_ijyb, uniq_pikel

Skill      XL: |  1  2  3  4  5  6 |
---------------+-------------------+-----
Stealth        | 3 4 5 |  5.6
Unarmed Combat | 1 2 3 |  3.2
Fighting       | 1 3 4 |  4.5
Dodging        | 3 |  3.9
Spellcasting   | |  2.0
Conjurations   | |  1.0
Earth Magic    | |  3.0

Action                     |  1- 3 |  4- 6 |  7- 9 || total
---------------------------+-------+-------+-------++-------
  Melee: Unarmed           |    26 |    58 |    80 ||   164
         Constrict         |    18 |    20 |    14 ||    52
         Short sword       |    13 |       |       ||    13
         Tentacles         |     7 |    17 |    13 ||    37
         Dagger            |    15 |    12 |       ||    27
         Punch             |       |     4 |     4 ||     8
   Cast: Sandblast         |    15 |    17 |       ||    32
  Evoke: Wand              |       |     1 |       ||     1
    Use: Scroll            |       |     3 |     1 ||     4
         Potion            |       |     1 |     1 ||     2
   Stab: Sleeping          |     8 |     6 |     4 ||    18
         Distracted        |       |       |     1 ||     1
 Armour: Skin              |    14 |    27 |    50 ||    91
  Dodge: Dodged            |    28 |    23 |    44 ||    95

Table legend: (Time is in decaauts)
 A = Elapsed time spent in this place.
 B = Non-inter-level travel time spent in this place.
 C = Inter-level travel time spent in this place.
 D = Time resting spent in this place.
 E = Time spent auto-exploring this place.
 F = Levels seen in this place.
 G = Mean time per level.
                   A        B        C        D        E       F      G
               +--------+--------+--------+--------+--------+-----+--------+
         Total |   3779 |   3696 |     83 |     25 |   2988 |   4 |  944.8 |
       Dungeon |   3779 |   3696 |     83 |     25 |   2988 |   4 |  944.8 |
               +--------+--------+--------+--------+--------+-----+--------+

Top non-repeatable levels by time:
     D:2: 1094 daAuts
     D:4: 954 daAuts
     D:1: 874 daAuts
     D:3: 856 daAuts
